 Dungeon Crawl Stone Soup version 0.29-a0-994-gc5c9f59d18 (webtiles) character file.

Game seed: 5759186216553746916

7509 drugrobin the Cleaver (level 10, 0/84 HPs)
             Began as a Demigod Fighter on Aug 3, 2022.
             Slain by a death yak simulacrum (6 damage)
             ... in an ice cave.
             The game lasted 00:28:06 (9971 turns).

drugrobin the Cleaver (Demigod Fighter)             Turns: 9971, Time: 00:28:07

Health: 0/84       AC: 12    Str: 29    XL:     10   Next: 64%
Magic:  13/13      EV: 10    Int: 13    God:
Gold:   694        SH:  4    Dex: 13    Spells: 9/9 levels left

rFire   x . .      SeeInvis .   a - +1 war axe (venom)
rCold   + . .      Faith    .   c - +0 buckler
rNeg    . . .      Spirit   .   s - +0 acid dragon scales
rPois   +          Reflect  .   U - +2 hat {Int+3}
rElec   .          Harm     .   q - +0 cloak
rCorr   +          Rampage  .   H - +0 pair of gloves
Will    +....                   h - +0 pair of boots
Stlth   +.........              B - amulet of regeneration
HPRegen 1.04/turn               d - ring of ice
MPRegen 0.13/turn               Q - ring of poison resistance

@: no status effects
A: high MP 1, forlorn, divine attributes
a: no special abilities


You were in an ice cave.
You visited 2 branches of the dungeon, and saw 10 of its levels.
You also visited: Ossuary and Ice Cave.

You collected 718 gold pieces.
You spent 24 gold pieces at shops.

Inventory:

Hand Weapons
 a - a +1 war axe of venom (weapon)
 J - a +3 vorpal flail
Missiles
 w - 4 boomerangs (quivered)
 A - 2 throwing nets
 D - 10 poisoned darts
 G - 6 javelins
Armour
 c - a +0 buckler (worn)
 h - a +0 pair of boots (worn)
 q - a +0 cloak (worn)
 s - +0 acid dragon scales (worn)
 H - a +0 pair of gloves (worn)
 U - a +2 hat of intelligence (worn)
Jewellery
 d - a ring of ice (left hand)
 y - a ring of fire
 B - an amulet of regeneration (around neck)
 C - a ring of flight
 Q - a ring of poison resistance (right hand)
Wands
 x - a wand of digging (6)
Scrolls
 b - 3 scrolls of vulnerability
 f - 3 scrolls of amnesia {unknown}
 j - a scroll of silence
 m - 5 scrolls of immolation {unknown}
 L - 2 scrolls of butterflies
 N - 3 scrolls of teleportation
 T - a scroll of identify
Potions
 e - 3 potions of brilliance {unknown}
 l - 7 potions of curing
 o - a potion of haste {unknown}
 p - a potion of invisibility {unknown}
 r - 2 potions of mutation
 u - a potion of heal wounds {unknown}
 v - 3 potions of degeneration {unknown}
 z - a potion of ambrosia {unknown}
 E - 2 potions of might
 M - 2 potions of resistance {unknown}
 P - 2 potions of attraction {unknown}
 S - 2 potions of magic {unknown}
Miscellaneous
 g - a phantom mirror


   Skills:
 + Level 6.7 Fighting
 * Level 14.2 Axes
 - Level 2.6 Armour
 - Level 2.6 Shields


You had 9 spell levels left.
You didn't know any spells.
Your spell library contained the following spells:

 Spells                   Type           Power      Damage    Failure   Level
 Poisonous Vapours        Pois/Air       0%         N/A       58%         2
 Call Canine Familiar     Summ           0%         N/A       83%         3
 Conjure Flame            Conj/Fire      0%         6-21      83%         3
 Gell's Gravitas          Tloc           0%         N/A       83%         3
 Ignite Poison            Fire/Tmut/Pois 0%         N/A       83%         3
 Portal Projectile        Hex/Tloc       0%         N/A       83%         3
 Teleport Other           Tloc           0%         N/A       83%         3
 Corpse Rot               Necr/Pois/Air  0%         N/A       99%         4
 Leda's Liquefaction      Hex/Erth       0%         N/A       99%         4
 Sticky Flame             Conj/Fire      0%         2d3       99%         4
 Dispersal                Tloc           0%         N/A       100%        6


Dungeon Overview and Level Annotations

Branches:
Dungeon (9/15)             Temple (0/1) D:7            Lair (1/5) D:8
Ossuary (visited)           IceCv (1/1)
    Orc: D:9-12

Shops:
D:7 *

Annotations:
D:3 bchevrier's ghost, amateur GnWn


Innate Abilities, Weirdness & Mutations

You have an increased reservoir of magic. (+10% MP)
You shall have no god before yourself.
Your divine heritage dramatically boosts your attributes as you level up.


Message History

The cane toad simulacrum vaporises!
Unknown command.
Unknown command.
Press: ? - help, v - describe, . - travel
Here: a death yak simulacrum The floor.
You slash the death yak simulacrum!
The death yak simulacrum is moderately damaged.
You hit the polar bear simulacrum but do no damage.
The polar bear simulacrum barely misses you.
The polar bear simulacrum claws you. The polar bear simulacrum freezes you!
You resist.
The polar bear simulacrum barely misses you.
The death yak simulacrum gores you! The death yak simulacrum freezes you!
You resist.
Unknown command.
You hit the death yak simulacrum.
The death yak simulacrum is heavily damaged.
You hit the polar bear simulacrum but do no damage.
Unknown command.
Unknown command.
You hit the death yak simulacrum but do no damage.
The death yak simulacrum is heavily damaged.
You slash the polar bear simulacrum! The polar bear simulacrum bites you.
The polar bear simulacrum freezes you! You resist.
The polar bear simulacrum claws you but does no damage.
The polar bear simulacrum claws you. The polar bear simulacrum freezes you!
You resist. The death yak simulacrum gores you.
* * * LOW HITPOINT WARNING * * *
The death yak simulacrum freezes you!! You resist.
* * * LOW HITPOINT WARNING * * *
Unknown command.
Unknown command.
You hit the death yak simulacrum but do no damage.
The death yak simulacrum is heavily damaged.
You slash the polar bear simulacrum!
You block the polar bear simulacrum's attack.
The polar bear simulacrum claws you but does no damage. x2
The death yak simulacrum gores you.
You die...

...##
#...#
##...
#...#
##...##
##.....##
#...∩...#
#..ZZ...#
##..@..##
##...##
#####


You could see a death yak simulacrum and a polar bear simulacrum.

Vanquished Creatures
  Gastronok (D:9)
  A two-headed ogre (D:9)
  Pikel (D:9)
  An ice statue (D:9)
  Maggie (D:7)
  A komodo dragon (Lair:1)
  A wyvern (D:9)
  Edmund (D:6)
  3 water moccasins
  2 orc warriors
  An ice beast (D:6)
  2 black bears
  A sky beast (D:8)
  A centaur (D:6)
  4 lemures (D:9)
  13 scorpions
  A cane toad simulacrum (IceCv)
  2 gnoll sergeants
  14 wights
  3 killer bees (D:9)
  4 howler monkeys
  2 centaur zombies (Ossuary)
  A gnoll bouda (D:8)
  2 hounds
  5 orc priests
  2 human zombies (Ossuary)
  3 jellies
  6 iguanas
  Natasha (thrice) (D:2)
  An orc wizard (D:8)
  4 scorpion zombies (Ossuary)
  A wolf simulacrum (IceCv)
  3 mummies (Ossuary)
  19 gnolls
  15 adders
  A hound simulacrum (D:3)
  3 shadow imps
  13 white imps
  2 ufetubi
  2 worms
  2 dart slugs (D:4)
  An adder simulacrum (D:3)
  24 orcs
  6 bats
  11 endoplasms
  A giant cockroach (D:4)
  A gnoll zombie (Ossuary)
  11 hobgoblins
  2 jackals (D:2)
  7 quokkas
  6 ball pythons
  A ball python simulacrum (D:3)
  5 frilled lizards
  7 goblins
  2 goblin zombies (Ossuary)
  3 hobgoblin zombies (Ossuary)
  4 kobolds
  A quokka simulacrum (D:3)
  24 rats
266 creatures vanquished.

Vanquished Creatures (others)
  6 plants (D:5)
6 creatures vanquished.

Grand Total: 272 creatures vanquished

Notes
Turn   | Place    | Note
-------+----------+-------------------------------------------
     0 | D:1      | drugrobin the Demigod Fighter began the quest for the Orb.
     0 | D:1      | Reached XP level 1. HP: 18/18 MP: 3/3
   125 | D:1      | Reached skill level 2 in Axes
   530 | D:1      | Reached XP level 2. HP: 25/25 MP: 4/4
  1067 | D:2      | Reached skill level 3 in Axes
  1069 | D:2      | Reached XP level 3. HP: 27/30 MP: 5/5
  1251 | D:2      | Reached skill level 4 in Axes
  1551 | D:2      | Reached XP level 4. HP: 37/37 MP: 6/6
  1723 | D:2      | Noticed Natasha
  2040 | D:3      | Found a runed translucent gate.
  2040 | D:3      | Found a runed translucent gate.
  2040 | D:3      | Found a runed translucent gate.
  2101 | D:3      | Noticed a water moccasin
  2116 | D:3      | Killed a water moccasin
  2117 | D:3      | Reached skill level 5 in Axes
  2117 | D:3      | Reached XP level 5. HP: 42/42 MP: 7/7
  2440 | D:2      | Killed Natasha
  2766 | D:2      | Noticed Natasha
  2774 | D:2      | Killed Natasha
  2864 | D:2      | Noticed Natasha
  2868 | D:2      | Killed Natasha
  2869 | D:2      | Reached skill level 6 in Axes
  3228 | D:3      | Noticed bchevrier's ghost (amateur GnWn)
  3322 | D:3      | Reached XP level 6. HP: 50/50 MP: 8/8
  4022 | D:4      | Reached skill level 7 in Axes
  5022 | D:5      | Entered Level 5 of the Dungeon
  5029 | D:5      | Reached XP level 7. HP: 45/56 MP: 9/9
  5521 | D:5      | Reached skill level 8 in Axes
  5971 | D:6      | Noticed Edmund
  5985 | D:6      | Killed Edmund
  6257 | D:6      | Reached skill level 9 in Axes
  6471 | D:6      | Reached XP level 8. HP: 62/62 MP: 10/10
  6872 | D:6      | Reached skill level 10 in Axes
  6892 | D:7      | Noticed Maggie
  7131 | D:7      | Found a staircase to the Ecumenical Temple.
  7206 | D:7      | Found Zoblofosaa's CLEARANCE SALE!.
  7258 | D:7      | Bought a potion of might for 16 gold pieces
  7258 | D:7      | Bought a scroll of identify for 8 gold pieces
  7519 | D:7      | Killed Maggie
  7520 | D:7      | Reached skill level 11 in Axes
  7893 | D:8      | Reached XP level 9. HP: 45/68 MP: 11/11
  7930 | D:8      | Found a sand-covered staircase.
  7939 | Ossuary  | Entered an ossuary
  8084 | Ossuary  | Reached skill level 12 in Axes
  8378 | D:8      | Found a staircase to the Lair.
  8931 | D:9      | Noticed Gastronok
  9018 | D:9      | Killed Gastronok
  9019 | D:9      | Reached skill level 5 in Fighting
  9019 | D:9      | Reached skill level 13 in Axes
  9019 | D:9      | Reached XP level 10. HP: 60/81 MP: 13/13
  9329 | D:9      | Noticed an ice statue
  9350 | D:9      | Noticed a two-headed ogre
  9373 | D:9      | Killed a two-headed ogre
  9522 | D:9      | Noticed Pikel
  9658 | D:9      | Killed Pikel
  9798 | D:9      | Killed an ice statue
  9799 | D:9      | Reached skill level 14 in Axes
  9853 | Lair:1   | Entered Level 1 of the Lair of Beasts
  9924 | Lair:1   | Found a frozen archway.
  9958 | IceCv    | Entered an ice cave
  9971 | IceCv    | Slain by a death yak simulacrum

Illustrated notes

Levels and vault maps discovered:
D:1:      wander_arrival_estate, layout_basic
D:2:      layout_rooms, minmay_rat_hole, uniq_natasha
D:3:      layout_loops_corners, fedhas_altar_4, basic_ecumenical_altar,
          gammafunk_ghost_icy
D:4:      layout_rooms, mainiacjoe_overflow_tiny_flanked,
          kennysheep_small_square
D:5:      layout_cave_pools, corexii_hall_statues_s, serial_bayou_lake_a
D:6:      layout_basic, uniq_edmund
D:7:      layout_loops_ring, pdpol_temple_overflow_zin_treasury_gozag_greed,
          okawaru_metal_pillars_1_2, minmay_temple_entry_slanted,
          grunt_ministairs_10, nicolae_shop_clearance, uniq_maggie
D:8:      layout_cave_pools, lair_entry_dummy, nicolae_ossuary_entry_ruins,
          serial_park_tiny_2
D:9:      lemuel_ice_statue, layout_irregular_city,
          mainiacjoe_overflow_24_doors, serial_rivers,
          chequers_serial_rivers_small_a, chequers_serial_rivers_micro_c,
          chequers_serial_rivers_micro_c, chequers_serial_rivers_small_a,
          uniq_gastronok, uniq_pikel
Lair:1:   layout_chaotic_city, portal_ice_cave_entry_imps
IceCv:    ice_cave_small_necro

Skill      XL: |  1  2  3  4  5  6  7  8  9 10 |
---------------+-------------------------------+-----
Axes           | 2 3 4 5 6 7 9 11 13 14 | 14.2
Fighting       | 5 6 |  6.7
Armour         | |  2.6
Shields        | |  2.6

Action                   |  1- 3 |  4- 6 |  7- 9 | 10-12 || total
-------------------------+-------+-------+-------+-------++-------
Melee: War axe           |    98 |   215 |   397 |   124 ||   834
Throw: Boomerang         |       |       |    23 |     9 ||    32
       Dart              |       |       |     1 |       ||     1
       Throwing net      |       |       |     1 |       ||     1
Evoke: Wand              |       |       |     1 |    25 ||    26
  Use: Potion            |     1 |     1 |     2 |       ||     4
       Scroll            |       |     5 |     5 |     2 ||    12
 Stab: Held in net/web   |       |       |     1 |       ||     1
Armor: Scale mail        |    55 |    69 |       |       ||   124
       Skin              |       |    16 |       |       ||    16
       Chain mail        |       |    41 |    41 |       ||    82
       Ring mail         |       |       |    33 |       ||    33
       Acid dragon scale |       |       |    50 |    45 ||    95
Dodge: Dodged            |    46 |    84 |   145 |    46 ||   321
Block: Buckler           |    30 |    48 |    77 |    17 ||   172

Table legend: (Time is in decaauts)
 A = Elapsed time spent in this place.
 B = Non-inter-level travel time spent in this place.
 C = Inter-level travel time spent in this place.
 D = Time resting spent in this place.
 E = Time spent auto-exploring this place.
 F = Levels seen in this place.
 G = Mean time per level.
                   A        B        C        D        E       F      G
               +--------+--------+--------+--------+--------+-----+--------+
         Total |  10083 |   9502 |    581 |   1247 |   5109 |  12 |  840.2 |
       Dungeon |   9657 |   9076 |    581 |   1247 |   5059 |   9 | 1073.0 |
          Lair |     99 |     99 |      0 |      0 |      0 |   1 |   99.0 |
       Ossuary |    314 |    314 |      0 |      0 |     50 |   1 |  314.0 |
      Ice Cave |     11 |     11 |      0 |      0 |      0 |   1 |   11.0 |
               +--------+--------+--------+--------+--------+-----+--------+

Top non-repeatable levels by time:
     D:3: 1548 daAuts
     D:4: 1350 daAuts
     D:2: 1343 daAuts
     D:1: 1150 daAuts
     D:9: 1077 daAuts
     D:6: 1025 daAuts
     D:7: 896 daAuts
     D:5: 700 daAuts
     D:8: 567 daAuts
 Ossuary: 314 daAuts
  Lair:1: 99 daAuts
   IceCv: 11 daAuts
